 Dungeon Crawl Stone Soup version 0.27.0-1-g7a089689b8 (webtiles) character file.

Game seed: 6275486240218566327

60 trckry the Skirmisher (level 4, -6/38 HPs)
             Began as a Human Wanderer on Aug 8, 2021.
             Was a Follower of Wu Jian.
             Killed by divine providence
             ... invoked by an orc priest
              (16 damage)
             ... on level 2 of the Dungeon.
             The game lasted 00:04:50 (2644 turns).

trckry the Skirmisher (Human Wanderer)              Turns: 2644, Time: 00:04:50

Health: -6/38      AC:  2    Str: 13    XL:     4   Next: 25%
Magic:  4/4        EV: 11    Int: 10    God:    Wu Jian [*.....]
Gold:   76         SH:  0    Dex: 15    Spells: 3/3 levels left

rFire    . . .     SeeInvis .   c - +0 quarterstaff
rCold    . . .     Faith    .   (shield currently unavailable)
rNeg     . . .     Spirit   .   e - +0 robe
rPois    .         Reflect  .   (no helmet)
rElec    .         Harm     .   (no cloak)
rCorr    .         Rampage  .   (no gloves)
Will     .....                  (no boots)
Stlth    ++........             (no amulet)
HPRegen  0.12/turn              (no ring)
MPRegen  0.09/turn              (no ring)

@: no status effects
A: no striking features
a: Renounce Religion


You were on level 2 of the Dungeon.
You worshipped Wu Jian.
Wu Jian was aware of your devotion.
You visited 1 branch of the dungeon, and saw 3 of its levels.

You collected 76 gold pieces.

Inventory:

Hand Weapons
 c - a +0 quarterstaff (weapon)
Armour
 e - a +0 robe (worn)
Scrolls
 b - a scroll of fear
 f - 2 scrolls of identify {unknown}
 h - 2 scrolls of teleportation {unknown}
Potions
 a - a potion of mutation {unknown}
 d - 3 potions of curing
 g - a potion of brilliance {unknown}
 i - a potion of cancellation {unknown}
 j - a potion of berserk rage {unknown}
 k - 2 potions of degeneration {unknown}


   Skills:
 + Level 4.8 Fighting
 - Level 1.0 Staves
 - Level 2.0 Crossbows
 + Level 2.7 Throwing
 - Level 1.0 Dodging
 - Level 1.0 Stealth


You had 3 spell levels left.
You didn't know any spells.
Your spell library contained the following spells:

 Spells                   Type           Power      Damage    Failure   Level
 Ensorcelled Hibernation  Hex/Ice        0%         N/A       50%         2
 Spider Form              Tmut/Pois      0%         N/A       75%         3
 Shadow Creatures         Summ           N/A        N/A       100%        6
 Borgnjor's Revivificati  Necr           0%         N/A       100%        8
 Necromutation            Tmut/Necr      0%         N/A       100%        8
 Death's Door             Necr           0%         N/A       100%        9


Dungeon Overview and Level Annotations

Branches:
Dungeon (3/15)

Altars:
Wu Jian


Message History

You closely miss the orc. The orc closely misses you.
You barely miss the orc. The orc hits you but does no damage.
The orc hits you with a +0 flail.
You take 5 damage, and have 20/38 hp.
A bat comes into view.
The kobold shouts!
You hit the orc.
The orc is heavily wounded.
The kobold throws a stone.
The stone hits you. The orc hits you but does no damage.
The kobold throws a stone.
The stone hits you.
You take 3 damage, and have 18/38 hp.
A worm comes into view.
The kobold throws a stone.
The stone misses you.
The kobold throws a stone.
The stone hits you but does no damage.
You spin and attack the orc priest.
You barely miss the orc priest.
The orc priest calls down the wrath of Beogh upon you.
You barely resist.
You spin and attack the orc priest.
You hit the orc priest but do no damage.
The orc priest hits you with a +0 falchion.
You take 3 damage, and have 16/38 hp.
You spin and attack the orc priest.
You hit the orc priest but do no damage.
The orc priest hits you with a +0 falchion.
* * * LOW HITPOINT WARNING * * *
There is a stone staircase leading up here.
You take 6 damage, and have 10/38 hp.
The orc priest closely misses you. The orc closely misses you.
You climb upwards.
There is a stone staircase leading down here.
Okay, then.
Throw: throwing net
Press: ? - help, Q - select action Shift-Dir - straight line, f - orc priest
Aim: an orc priest, wielding a +0 falchion and wearing a +0 scale mail (65% to hit)
You throw a throwing net. The throwing net hits the orc priest.
The orc priest is caught in the net!
The orc priest invokes the aid of Beogh against you.
Beogh smites you!
You die...

#...# ######## #....
#...# #......###....
#...######......'......
#.......##......##.....
#.......#####'####....(
###.....# #.# #.....
#....†#####.####.##'#
#...o................
#...@................
#....o###.####.#.#...
#.....# #.# #.#.#.##
#.....# #.# #.#.#...
#.....# #.# #.#.#..#
####### #.# #.......
#.# ###.....
#.###########
######.##.........


You could see an orc priest (caught) and an orc.

Vanquished Creatures
  A gnoll (D:1)
  3 dart slugs
  7 ball pythons
  4 bats
  An endoplasm (D:1)
  3 giant cockroaches
  A goblin (D:1)
  4 hobgoblins (D:1)
  4 jackals (D:1)
  2 quokkas
  2 frilled lizards (D:1)
  6 kobolds
  3 rats
41 creatures vanquished.

Vanquished Creatures (others)
  A fungus (D:1)
  5 plants (D:3)
6 creatures vanquished.

Grand Total: 47 creatures vanquished

Notes
Turn   | Place    | Note
-------+----------+-------------------------------------------
     0 | D:1      | trckry the Human Wanderer began the quest for the Orb.
     0 | D:1      | trckry set off with the following items: a +2 dagger, a
                  | scroll of fear, a +0 quarterstaff, a potion of curing, a +0
                  | robe
     0 | D:1      | Reached XP level 1. HP: 19/19 MP: 1/1
   260 | D:1      | Reached XP level 2. HP: 25/25 MP: 2/2
   311 | D:1      | Reached XP level 3. HP: 7/31 MP: 3/3
  1376 | D:1      | Found a faded altar of an unknown god.
  1381 | D:1      | Became a worshipper of the Wu Jian Council
  1381 | D:1      | Reached * piety under Wu Jian
  1514 | D:2      | Reached XP level 4. HP: 38/38 MP: 4/4
  2644 | D:2      | Killed from afar by an orc priest

Illustrated notes

Levels and vault maps discovered:
D:1:      tarquinn_simple_flora_water_e, layout_rooms,
          shapermc_ecumenical_altar_mp_urbaneastern
D:2:      layout_basic, serial_bayou_lagoon_a
D:3:      layout_rooms, lemuel_doored_altar, mainiacjoe_overflow_alcove_4

Skill      XL: |  1  2 |
---------------+-------+-----
Throwing       | 2 |  2.7
Fighting       | |  4.8
Staves         | |  1.0
Crossbows      | |  2.0
Dodging        | |  1.0
Stealth        | |  1.0

Action                   |  1- 3 |  4- 6 || total
-------------------------+-------+-------++-------
Melee: Quarterstaff      |    88 |    39 ||   127
Throw: Throwing net      |       |     1 ||     1
Invok: Lunge             |     1 |     6 ||     7
       Whirlwind         |       |     3 ||     3
 Stab: Sleeping          |     3 |       ||     3
Armor: Robe              |    14 |     9 ||    23
Dodge: Dodged            |    62 |    20 ||    82
